 Dungeon Crawl Stone Soup version 0.31.0-4-g52a2dc7128 (webtiles) character file.

Game seed: 12162118006146082539

1560034 Zeia the Thanatomancer (level 26, 299/300 HPs)
             Began as a Demonspawn Necromancer on Jan 20, 2024.
             Was a High Priest of Ashenzari.
             Escaped with the Orb
             ... and 3 runes on Jan 22, 2024!
             The game lasted 09:39:42 (80232 turns).

Zeia the Thanatomancer (Demonspawn Necromancer)    Turns: 80232, Time: 09:39:43

Health: 299/300    AC: 30    Str: 12    XL:     26   Next: 43%
Magic:  51/51      EV: 12    Int: 43    God:    Ashenzari [*****.]
Gold:   5967       SH: 20    Dex: 18    Spells: 0/65 levels left

rFire   + + .        q - +9 morningstar "Shattered With Me" {pain, Self, Comp} (curse)
rCold   x . .        H - +2 kite shield of the Distant Sage {reflect, Melee, Comp} (curse)
rNeg    + . .        e - +4 chain mail "Lashed With Me" {rPois rF+ Str+5, Bglg, Sorc} (curse)
rPois   +            a - +4 helmet of the Chained Seer {+Blink MP+9 Stlth+, Melee, Self} (curse)
rElec   .            j - +2 cloak of Desmomancy {Melee, Sorc} (curse)
rCorr   .            (gloves unavailable)
SInv    +            z - +1 pair of boots "Restrained Orthodoxy" {Cun, Melee} (curse)
Will    +++..        y - amulet "Share My Jealousy" {Reflect ^Fragile rN+ Int+6 SH+5 Stlth+, Comp, Sorc} (curse)
Stlth   +            J - ring "Vision of Ashenzari" {Int+6 Dex+3, Comp, Sorc} (curse)
HPRegen 0.70/turn    n - ring of Ysmal {rF+ EV+5 Str-2 Int+7}
MPRegen 0.32/turn

%: reflection, clarity
@: no status effects
A: foul stench 3, powered by death 3, robust 3, sanguine armour 3, demonic touch
3, talons 1, low MP 1, strong-willed 2, teleportitis 1, weak 1, evolution 1,
cold vulnerability 1, subdued magic 1
0: Orb of Zot
}: 3/15 runes: decaying, serpentine, silver
a: Renounce Religion, Evoke Blink, Curse Item, Shatter the Chains


You escaped.
You worshipped Ashenzari.
Ashenzari was extremely pleased with you.
You visited 11 branches of the dungeon, and saw 49 of its levels.
You visited the Abyss 2 times.
You also visited: Trove, Ice Cave and Wizlab.

You collected 9292 gold pieces.
You spent 3325 gold pieces at shops.

Inventory:

Hand Weapons
 q - the cursed +9 morningstar "Shattered With Me" (weapon) {pain, Self, Comp}
   (You took it off a vault sentinel on level 1 of the Vaults)

   It has a curse which improves the following skills: Introspection: Fighting
   and Spellcasting.
   Companions: Summonings and Necromancy.
Armour
 a - the cursed +4 helmet of the Chained Seer (worn) {+Blink MP+9 Stlth+, Melee, Self}
   (You bought it in a shop on level 2 of the Snake Pit)

   MP+9:      It affects your magic capacity (+9).
   +Blink:    It lets you blink.
   Stlth+:    It makes you more stealthy.
   It has a curse which improves the following skills: Melee Combat: Short
   Blades, Long Blades, Axes, Maces & Flails, Polearms, Staves and Unarmed
   Combat.
   Introspection: Fighting and Spellcasting.
 c - a +2 pair of boots of stealth
 e - the cursed +4 chain mail "Lashed With Me" (worn) {rPois rF+ Str+5, Bglg, Sorc}
   (You bought it in a shop on level 2 of the Orcish Mines)

   Str+5:     It affects your strength (+5).
   rF+:       It protects you from fire.
   rPois:     It protects you from poison It has a curse which improves the
   following skills: Beguiling: Hexes and Translocations.
   Sorcery:   Conjurations and Alchemy.
 j - the cursed +2 cloak of Desmomancy (worn) {Melee, Sorc}
   (You found it on level 3 of the Elven Halls)

   It has a curse which improves the following skills: Melee Combat: Short
   Blades, Long Blades, Axes, Maces & Flails, Polearms, Staves and Unarmed
   Combat.
   Sorcery:   Conjurations and Alchemy.
 z - the cursed +1 pair of boots "Restrained Orthodoxy" (worn) {Cun, Melee}
   (You found it on level 3 of the Dungeon)

   It has a curse which improves the following skills: Cunning: Dodging and
   Stealth.
   Melee Combat: Short Blades, Long Blades, Axes, Maces & Flails, Polearms,
   Staves and Unarmed Combat.
 H - the cursed +2 kite shield of the Distant Sage (worn) {reflect, Melee, Comp}
   (You took it off a tengu warrior on level 13 of the Dungeon)

   It has a curse which improves the following skills: Melee Combat: Short
   Blades, Long Blades, Axes, Maces & Flails, Polearms, Staves and Unarmed
   Combat.
   Companions: Summonings and Necromancy.
Magical Staves
 U - a staff of death
Jewellery
 d - a ring of resist corrosion
 k - the ring of Taetuij {rC+ Int+2}
   (You found it in a treasure trove)

   [ring of protection from cold]

   Int+2:     It affects your intelligence (+2).
   rC+:       It protects you from cold.
 n - the ring of Ysmal (right hand) {rF+ EV+5 Str-2 Int+7}
   (You took it off an orc warrior on level 5 of the Vaults)

   [ring of evasion]

   EV+5:      It affects your evasion (+5).
   Str-2:     It affects your strength (-2).
   Int+7:     It affects your intelligence (+7).
   rF+:       It protects you from fire.
 s - the ring "Utege" {Ice rN++ rCorr Int+4 Dex-4}
   (You found it in an ice cave)

   [ring of ice]

   Ice:       It enhances your ice magic.
   Int+4:     It affects your intelligence (+4).
   Dex-4:     It affects your dexterity (-4).
   rF-:       It makes you vulnerable to fire.
   rC+:       It protects you from cold.
   rN++:      It greatly protects you from negative energy.
   rCorr:     It protects you from acid and corrosion.
 y - the cursed amulet "Share My Jealousy" (around neck) {Reflect ^Fragile rN+ Int+6 SH+5 Stlth+, Comp, Sorc}
   (You found it on level 3 of the Dungeon)

   [amulet of reflection]

   Reflect:   It reflects blocked missile attacks.
   Int+6:     It affects your intelligence (+6).
   rN+:       It protects you from negative energy.
   ^Fragile:  It will be destroyed if unequipped.
   SH+5:      It affects your SH (+5).
   Stlth+:    It makes you more stealthy.
   It has a curse which improves the following skills: Companions: Summonings
   and Necromancy.
   Sorcery:   Conjurations and Alchemy.
 G - a ring of willpower
 J - the cursed ring "Vision of Ashenzari" (left hand) {Int+6 Dex+3, Comp, Sorc}
   (You bought it in a shop on level 2 of the Orcish Mines)

   [ring of intelligence]

   Int+6:     It affects your intelligence (+6).
   Dex+3:     It affects your dexterity (+3).
   It has a curse which improves the following skills: Companions: Summonings
   and Necromancy.
   Sorcery:   Conjurations and Alchemy.
 M - the ring of the Caustic God {rC+ Dex+3}
   (You took it off a deep elf death mage on level 3 of the Elven Halls)

   [ring of protection from cold]

   Dex+3:     It affects your dexterity (+3).
   rC+:       It protects you from cold.
 N - the amulet of Guvexo {Acrobat rC+ rN+ Dex+3}
   (You took it off a rakshasa on level 2 of the Vaults)

   [amulet of the acrobat]

   Acrobat:   It increases your evasion while moving and waiting.
   Dex+3:     It affects your dexterity (+3).
   rC+:       It protects you from cold.
   rN+:       It protects you from negative energy.
 R - the amulet of Neladaoc {Reflect Int+3 Slay+2 SH+5}
   (You found it on level 5 of the Vaults)

   [amulet of reflection]

   Reflect:   It reflects blocked missile attacks.
   Int+3:     It affects your intelligence (+3).
   Slay+2:    It affects your accuracy & damage with ranged weapons and melee
   (+2).
   SH+5:      It affects your SH (+5).
Wands
 o - a wand of flame (3)
 r - a wand of digging (5)
 v - a wand of charming (42)
 F - a wand of iceblast (77)
 Y - a wand of acid (6)
 Z - a wand of mindburst (27)
Scrolls
 g - 3 scrolls of brand weapon
 h - 7 scrolls of fog
 p - 8 scrolls of teleportation
 C - 4 scrolls of revelation
 D - 7 scrolls of blinking
 E - 2 scrolls of butterflies
 I - 5 scrolls of silence
 L - 3 scrolls of vulnerability
 P - 5 scrolls of fear
 Q - 9 scrolls of poison
 T - 3 scrolls of amnesia
 W - 4 scrolls of enchant weapon
 X - 4 scrolls of enchant armour
Potions
 f - a potion of haste
 i - 4 potions of enlightenment
 l - 5 potions of curing
 m - a potion of brilliance
 u - 9 potions of might
 w - 4 potions of berserk rage
 x - 7 potions of cancellation
 A - a potion of invisibility
 B - 6 potions of resistance
 K - 9 potions of heal wounds
 V - 3 potions of ambrosia
Miscellaneous
 t - a lightning rod (4/4)
 O - a sack of spiders
 S - a phantom mirror


   Skills:
 - Level 21.5(24.3) Fighting
 - Level 11.8(16.8) Maces & Flails
 - Level 17.0 Armour
 - Level 1.7(3.3) Dodging
 - Level 1.7(3.3) Stealth
 - Level 12.0 Shields
 - Level 17.4(20.4) Spellcasting
 - Level 19.4(24.1) Conjurations
 - Level 11.0(16.0) Summonings
 + Level 23.2(27) Necromancy
 - Level 4.3(6.3) Translocations
 - Level 5.3 Air Magic


You couldn't memorise any spells.
You knew the following spells:

 Your Spells              Type           Power      Damage    Failure   Level
a - Death's Door          Necr           59%        N/A       12%         9
b - Vampiric Draining     Necr           100%       2d13      0%          3
c - Dispel Undead         Necr           100%       3d31      0%          4
d - Animate Dead          Necr           100%       N/A       0%          4
f - Iskenderun's Mystic   Conj/Tloc      94%        2d18      1%          4
g - Orb of Destruction    Conj           57%        9d14      1%          7
h - Borgnjor's Vile Clut  Necr/Erth      44%        N/A       1%          5
i - Irradiate             Conj/Alch      43%        3d26      1%          5
j - Haunt                 Necr/Summ      54%        N/A       1%          7
k - Blink                 Tloc           100%       N/A       1%          2
l - Anguish               Hex/Necr       44%        N/A       1%          4
n - Swiftness             Air            62%        N/A       2%          3
o - Infestation           Necr           59%        N/A       1%          8

Your spell library contained the following spells:

 Spells                   Type           Power      Damage    Failure   Level
 Kiss of Death            Conj/Necr      100%       2d13      0%          1
 Magic Dart               Conj           100%       1d8       0%          1
 Necrotise                Necr           100%       1d9       0%          1
 Summon Small Mammal      Summ           100%       N/A       0%          1
 Call Imp                 Summ           100%       N/A       0%          2
 Momentum Strike          Conj/Tloc      100%       3d10      0%          2
 Static Discharge         Conj/Air       100%       3-8/arc   0%          2
 Sublimation of Blood     Necr           100%       N/A       0%          2
 Fugue of the Fallen      Necr           100%       N/A       0%          3
 Martyr's Knell           Necr/Summ      100%       N/A       0%          4
 Curse of Agony           Necr           100%       N/A       0%          5
 Iskenderun's Battlesphe  Conj           100%       2d15      0%          5
 Apportation              Tloc           100%       N/A       1%          1
 Foxfire                  Conj/Fire      100%       2x1d9     1%          1
 Sting                    Conj/Alch      100%       1d9       1%          1
 Cigotuvi's Dreadful Rot  Necr/Alch/Air  100%       N/A       1%          2
 Call Canine Familiar     Summ           96%        N/A       1%          3
 Dazzling Flash           Conj/Hex       100%       N/A       1%          3
 Hailstorm                Conj/Ice       85%        3d14      1%          3
 Mephitic Cloud           Conj/Alch/Air  79%        N/A       1%          3
 Stone Arrow              Conj/Erth      100%       3d13      1%          3
 Brom's Barrelling Bould  Conj/Erth      85%        2d10      1%          4
 Flame Wave               Conj/Fire      85%        2d18      1%          4
 Summon Lightning Spire   Summ/Air       81%        N/A       1%          4
 Arcjolt                  Conj/Air       46%        1d56      1%          5
 Fireball                 Conj/Fire      42%        3d17      1%          5
 Summon Cactus Giant      Summ           48%        N/A       1%          6
 Spellforged Servitor     Conj/Summ      52%        N/A       1%          7
 Animate Armour           Summ/Erth      100%       N/A       2%          4
 Summon Blazeheart Golem  Fire/Summ      72%        N/A       2%          4
 Conjure Ball Lightning   Conj/Air       46%        3x3d16    2%          6
 Mercury Vapours          Alch/Air       100%       N/A       3%          2
 Manifold Assault         Tloc           66%        N/A       5%          4
 Passage of Golubria      Tloc           66%        N/A       5%          4
 Volatile Blastmotes      Fire/Tloc      100%       2d18      6%          3
 Slow                     Hex            100%       N/A       7%          1
 Vhi's Electric Charge    Tloc/Air       100%       N/A       7%          4
 Freeze                   Ice            100%       1d10      8%          1
 Starburst                Conj/Fire      42%        6d12      8%          6
 Airstrike                Air            31%        2d(5-21)  9%          4
 Summon Hydra             Summ           48%        N/A       9%          7
 Jinxbite                 Hex            70%        N/A       11%         2
 Ensorcelled Hibernation  Hex/Ice        68%        N/A       12%         2
 Scorch                   Fire           66%        2d7       12%         2
 Dimensional Bullseye     Hex/Tloc       26%        N/A       21%         4
 Confusing Touch          Hex            35%        N/A       22%         3
 Sigil of Binding         Hex            35%        N/A       22%         3
 Tukima's Dance           Hex            35%        N/A       22%         3
 Frozen Ramparts          Ice            66%        1d10      24%         3
 Ozocubu's Armour         Ice            33%        N/A       24%         3
 Passwall                 Erth           33%        N/A       24%         3
 Olgreb's Toxic Radiance  Alch           38%        N/A       52%         4
 Petrify                  Alch/Erth      36%        N/A       58%         4
 Summon Horrible Things   Summ           48%        N/A       61%         8
 Dispersal                Tloc           33%        N/A       67%         6
 Alistair's Intoxication  Alch           25%        N/A       86%         5
 Yara's Violent Unravell  Hex/Alch       18%        3d9       89%         5
 Lee's Rapid Deconstruct  Erth           16%        3d10*     93%         5
 Plasma Beam              Fire/Air       25%        2x1d37    99%         6
 Lehudib's Crystal Spear  Conj/Erth      42%        10d10     99%         8
 Eringya's Noxious Bog    Alch           19%        4d6       100%        6
 Sculpt Simulacrum        Ice/Alch       18%        N/A       100%        6
 Enfeeble                 Hex            17%        N/A       100%        7
 Ozocubu's Refrigeration  Ice            16%        4d11      100%        7
 Discord                  Hex            17%        N/A       100%        8
 Disjunction              Tloc           33%        N/A       100%        8
 Maxwell's Capacitive Co  Air            31%        ∞         100%        8
 Chain Lightning          Conj/Air       46%        3d61      100%        9
 Polar Vortex             Ice            16%        12d2*     100%        9


Dungeon Overview and Level Annotations

Branches:
Dungeon (15/15)            Temple (1/1) D:7            Lair (5/5) D:10
  Swamp (4/4) Lair:2        Snake (4/4) Lair:2        Slime (0/5) Lair:4
    Orc (2/2) D:11            Elf (3/3) Orc:2        Vaults (5/5) D:14
  Crypt (0/3) Vaults:3     Depths (4/4) D:15           Hell (visited)
    Zot (5/5) Depths:4      IceCv (visited)          WizLab (visited)
    Dis: Hell:1         Geh: Hell:1         Coc: Hell:1         Tar: Hell:1

Altars:
Ashenzari
Cheibriados
Dithmenos
Fedhas
Gozag
Hepliaklqana
Kikubaaqudgha
Makhleb
Nemelex Xobeh
Okawaru
Qazlal
Ru
Sif Muna
Trog
Uskayaw
Vehumet
Wu Jian
Xom
Yredelemnul
Jiyva

Shops:
D:1 (   D:10 :   Orc:2 (=!:?=(![   Elf:1 ?   Elf:3 *!:   Snake:2 [*:

Portals:
Hell: Depths:1 Depths:2 Depths:3 Depths:4
Abyss: Depths:3
Pandemonium: Depths:1 Depths:2
Ziggurat: Depths:4

Annotations:
D:5 exclusion: downstairs
D:11 exclusion: door
Lair:3 3 runed translucent doors
Swamp:1 exclusion: downstairs
Snake:1 exclusion: downstairs
Snake:3 1 transporter
Depths:1 exclusion: downstairs
Depths:3 exclusion: 2 downstairs
Hell Geryon
Zot:2 exclusion: downstairs


Innate Abilities, Weirdness & Mutations

You frequently emit foul miasma when damaged in melee.
You regenerate a lot of health from kills.
You are extremely robust. (+30% HP)
When seriously injured, your blood forms very thick armour. (AC +0)
Your touch may irresistibly damage your foes and sap their willpower.
You have sharp toenails.
Your magical capacity is low. (-10% MP)
You are highly strong-willed. (Will++)
You are occasionally teleported next to monsters.
You are weak. (Str -2)
You have hidden genetic potential.
You are vulnerable to cold. (rC-)
Your spells are a little easier to cast, but a little less powerful.


Message History

The balrug hits you with a +1 demon whip of venom!
You are engulfed in flames.
You resist.
You are poisoned.
You emit a cloud of foul miasma!
You feel very sick. The balrug attacks as it pursues you!
The balrug hits you with a +1 demon whip of venom.
You are engulfed in flames!
You resist.
You feel sick.
You feel sick.
There is a stone staircase leading up here.
You feel sick.
You climb upwards.
You feel sick.
There is a stone staircase leading down here.
What level of the Dungeon? (default 1, ? - help)
You feel sick.
You feel sick.
You feel sick.
You feel sick.
You feel sick.
You feel sick.
You feel sick.
You are no longer poisoned.
There is a stone staircase leading up here.
You climb upwards.
There is a stone staircase leading down here.
Your extra speed is starting to run out.
Natasha, Servant of Life and Death comes into view.
Natasha hisses angrily.
You block Natasha's attack.
You puncture Natasha!
You kill Natasha!
You feel yourself slow down.
There is a stone staircase leading up here.
You climb upwards.
There is a stone staircase leading down here.
What level of the Dungeon? (default 1, ? - help)
Okay, then.
There is a staircase leading out of the dungeon here.
You have escaped!

#..........# #.... #..........##
#....
####...........############....
###........................†.....
.....#####.#####.#####.#####.....
>###..###...###...###...###......
## #...#.....#.....#.....#.....#.
# #....#####.......#####.....##.
#.....###....@....###......##.
##.....#...........#.......#..
##.....#####.#####.......##.#
#.......###...###.....#.###.# ##
##.##.....#.....#.....##.# #.#
.###..###.....#####.....###.# #.#
.....#####.....###.....###..# #..
###....####.....#.....## #.## ###
#.##...............#####.#


There were no monsters in sight!

Vanquished Creatures
  An ancient lich (Vaults:5)
  6 orbs of fire
  4 dread liches
  Bai Suzhen (Swamp:3)
  4 Killer Klowns
  Saint Roka (Orc:2)
  A caustic shrike (Depths:3)
  A curse toe (Zot:4)
  6 golden dragons
  The ghost of Daunt the Slayer, an adept BaSh of Ignis (Vaults:2)
  Jorgrun (Orc:2)
  3 electric golems
  23 tentacled monstrosities
  10 liches
  3 deep elf master archers
  3 titans
  4 quicksilver dragons
  25 Orb Guardians
  3 deep elf blademasters
  2 Executioners
  9 death cobs
  6 sphinxes
  9 storm dragons
  14 shadow dragons
  10 tengu reavers
  7 thorn hunters
  5 fire giants
  3 fenstrider witches (WizLab)
  Donald (Swamp:2)
  Louise (Swamp:4)
  5 nagarajas
  4 frost giants
  3 protean progenitors (Zot:4)
  4 draconian shifters
  18 vault wardens
  5 ghost moths (Zot:4)
  3 draconian scorchers
  A deep elf sorcerer (Elf:1)
  3 iron dragons
  A balrug (Depths:1)
  A draconian stormcaller (Depths:4)
  12 ironbound preservers
  2 draconian annihilators
  3 orc warlords
  19 stone giants
  A formless jellyfish (Vaults:3)
  7 ironbound thunderhulks
  10 very ugly things
  3 deep elf death magi (Elf:3)
  4 vampire knights
  A deep elf demonologist (Elf:3)
  6 eleionomae
  4 green draconians
  5 white draconians
  9 spark wasps
  4 yellow draconians
  A minotaur (D:15)
  3 dire elephants
  4 black draconians
  4 bunyips
  8 purple draconians
  4 red draconians
  4 war gargoyles
  6 deep elf annihilators
  2 merfolk javelineers (Depths:3)
  2 entropy weavers
  9 ettins
  3 fire dragons
  2 great orbs of eyes
  15 yaktaur captains
  27 vault guards
  5 deep elf high priests
  Harold (D:10)
  9 ice dragons
  A shambling mangrove (WizLab)
  3 caustic shrike simulacra (IceCv)
  Erolcha (Orc:2)
  11 hydras
  7 rakshasas
  6 anacondas
  4 peacekeepers
  2 radroaches (Zot:4)
  2 spriggan air magi (Depths:4)
  12 centaur warriors
  4 ironbound frosthearts
  2 boulder beetles
  8 alligators
  2 salamander tyrants (Snake:4)
  3 death yaks (Lair:4)
  4 ogre magi
  6 two-headed ogres
  19 dancing weapons
  11 naga warriors
  A vampire mage (Depths:2)
  2 satyrs
  3 tengu warriors
  2 deep troll shamans
  5 shock serpents
  Urug (Orc:2)
  2 orc high priests
  2 spriggan berserkers
  A hell hog (Lair:5)
  A shock serpent (shapeshifter) (Vaults:5)
  2 occultists
  16 deep elf knights
  2 sun demons
  2 deep troll earth magi
  14 naga sharpshooters
  Amaemon (D:8)
  4 hell knights (Depths:1)
  Nergalle (D:10)
  A skeletal warrior (Vaults:3)
  2 salamander mystics
  2 skysharks (Depths:3)
  3 iron trolls (Depths:2)
  25 deep trolls
  2 mana vipers (Snake:3)
  2 spriggan riders
  4 swamp dragons
  3 goliath frogs
  7 arcanists
  A glowing orange brain (Depths:1)
  A glowing orange brain (shapeshifter) (Vaults:5)
  4 spriggan druids
  An obsidian statue (IceCv)
  5 bog bodies
  9 deep elf archers
  A mana viper (shapeshifter) (Vaults:5)
  4 spriggan simulacra
  17 ironbound convokers
  5 lindwurms
  7 orc knights
  Pikel (D:5)
  2 naga ritualists
  A lindwurm (shapeshifter) (Vaults:5)
  29 deep elf zephyrmancers
  A tengu zombie (Vaults:5)
  4 phantasmal warriors
  29 ugly things
  A harpy (Vaults:1)
  2 necromancers
  22 deep elf pyromancers
  9 salamanders
  A salamander (shapeshifter) (D:13)
  A fire giant zombie (Depths:2)
  15 moths of wrath
  8 orc sorcerers
  3 fauns (WizLab)
  4 cyclopes
  3 manticores
  2 will-o-the-wisps (Swamp:3)
  A faun (shapeshifter) (Vaults:5)
  A guardian serpent (Snake:1)
  A smoke demon (Depths:2)
  2 large abominations
  18 black mambas
  3 water nymphs (Zot:4)
  5 kobold blastminers
  2 meliai (shapeshifter)
  8 naga magi
  16 vault sentinels
  A hellion (Depths:2)
  A spectral sea snake (Snake:4)
  A gargoyle (D:13)
  5 torpor snails
  Maggie (D:7)
  2 centaur skeletons (D:15)
  7 cane toads
  4 rime drakes
  27 yaktaurs
  4 ice devils (IceCv)
  15 freezing wraiths
  2 anaconda simulacra (IceCv)
  2 kobold demonologists
  3 golden dragon simulacra (IceCv)
  5 komodo dragons
  7 spectral nagas (Snake:4)
  A guardian mummy (D:15)
  3 tengu conjurers
  4 trolls
  A hydra zombie (D:11)
  A queen bee (shapeshifter) (Vaults:5)
  A red devil (Zot:1)
  3 tyrant leeches (Lair:5)
  A merfolk (shapeshifter) (Vaults:5)
  A polar bear (shapeshifter) (D:15)
  9 polar bears
  An alligator simulacrum (IceCv)
  2 spectral guardian serpents (Snake:4)
  11 hornets
  12 blink frogs
  An iron dragon simulacrum (Depths:4)
  2 dream sheep (Lair:5)
  A glass eye (Depths:2)
  A guardian serpent skeleton (Snake:4)
  13 slime creatures
  A centaur simulacrum (D:15)
  2 vampires
  5 water elementals
  3 air elementals
  36 yaks
  Sigmund (D:6)
  2 wyverns
  3 spriggans (Swamp:2)
  A spriggan (shapeshifter) (Elf:3)
  7 humans (D:14)
  A human (shapeshifter) (D:13)
  A wraith (D:14)
  A shadow (D:12)
  5 dire elephant simulacra (IceCv)
  A fire bat (shapeshifter) (Vaults:3)
  2 golden eyes (Zot:4)
  4 redbacks
  3 basilisks
  7 wargs
  18 vampire mosquitoes
  5 fire elementals
  3 minotaur simulacra
  A steam dragon (D:9)
  A two-headed ogre zombie (D:11)
  47 nagas
  An elf zombie (WizLab)
  11 swamp worms
  4 harpy simulacra
  9 hell hounds (Lair:5)
  Duvessa (D:5)
  8 water moccasins
  3 swamp drakes
  4 guardian serpent simulacra (Snake:4)
  2 ice beasts
  20 orc warriors
  4 ettin simulacra (IceCv)
  A black bear (shapeshifter) (D:13)
  10 black bears
  An elephant zombie (D:11)
  A hornet zombie (D:15)
  2 boggarts
  A laughing skull (D:11)
  11 ogres
  8 centaurs
  13 wolves
  2 lemures (D:5)
  A phantom (D:4)
  10 bullfrogs
  A yaktaur zombie (Vaults:1)
  A gnoll sergeant (D:11)
  3 kobold brigands
  2 deep troll simulacra (Snake:4)
  3 earth elementals
  5 scorpions
  A small abomination (D:11)
  7 wights
  3 spriggan zombies (D:11)
  Dowan (D:5)
  6 killer bees (D:11)
  3 lindwurm simulacra (IceCv)
  2 wolf zombies (D:11)
  A lava snake (Lair:2)
  2 howler monkeys (D:9)
  A centaur zombie (D:11)
  2 hounds
  A quasit (D:5)
  10 orc priests
  An iron imp (Abyss:2)
  2 sleepcaps
  Crazy Yiuf (D:2)
  Jessica (D:2)
  An iguana (D:6)
  Natasha (twice) (D:2)
  10 hell rats (Lair:2)
  28 orc wizards
  3 killer bee zombies (D:11)
  3 naga skeletons (Snake:4)
  9 gnolls
  7 adders
  2 naga simulacra (Snake:4)
  8 river rats (Lair:2)
  A shadow imp (D:6)
  2 ribbon worms (D:2)
  3 dart slugs
  63 orcs
  8 bats
  7 endoplasms
  3 giant cockroaches
  7 goblins
  8 hobgoblins
  6 jackals (D:1)
  11 quokkas
  7 ball pythons
  5 frilled lizards
  A goblin skeleton (D:5)
  4 hobgoblin zombies (D:5)
  13 kobolds
  A kobold skeleton (D:5)
  2 orc skeletons (D:5)
  An orc zombie (Vaults:5)
  15 rats
  An aspiring flesh (Zot:4)
1633 creatures vanquished.

Vanquished Creatures (collateral kills)
  A juggernaut (Depths:2)
  Josephina (Depths:4)
  A Killer Klown (Zot:5)
  3 curse toes (Zot:4)
  A golden dragon (Depths:2)
  Norris (Depths:3)
  4 tentacled monstrosities
  A deep elf master archer (Elf:3)
  An Orb Guardian (Zot:5)
  2 sphinxes
  3 titans
  A quicksilver dragon (Vaults:5)
  An ancient champion (Vaults:3)
  A tengu reaver (Depths:2)
  6 shadow dragons
  A protean progenitor (Zot:4)
  2 nagarajas (Snake:4)
  A fenstrider witch (Swamp:2)
  4 storm dragons
  2 draconian monks (Zot:1)
  A draconian shifter (Zot:3)
  4 draconian scorchers
  2 deep elf sorcerers (Elf:3)
  An iron dragon (Vaults:5)
  8 vault wardens
  A frost giant (Depths:1)
  3 deep elf elementalists (Elf:3)
  7 ironbound preservers
  4 draconian annihilators
  A formless jellyfish (Vaults:2)
  3 very ugly things
  4 ironbound thunderhulks
  6 stone giants
  2 deep elf demonologists (Elf:3)
  2 deep elf death magi (Elf:3)
  4 yellow draconians
  4 white draconians
  3 dire elephants (Vaults:2)
  2 deep elf annihilators
  4 black draconians
  An eleionoma (Swamp:2)
  2 war gargoyles
  2 spark wasps
  6 red draconians
  3 fire dragons
  An ettin (Depths:4)
  2 deep elf high priests
  2 shambling mangroves
  A great orb of eyes (Vaults:1)
  9 vault guards
  3 yaktaur captains
  6 hydras
  A juggernaut simulacrum (Depths:4)
  An ice dragon (Depths:2)
  A peacekeeper (Vaults:1)
  4 rakshasas
  2 ironbound frosthearts
  8 alligators
  A ghost crab (Swamp:3)
  2 centaur warriors
  6 dancing weapons (Elf:2)
  2 deep troll shamans
  2 two-headed ogres (D:15)
  3 deep troll earth magi
  A naga sharpshooter (WizLab)
  A tengu warrior (Depths:2)
  2 hell knights
  A naga warrior (Snake:2)
  3 spriggan berserkers
  2 deep elf knights
  A mana viper (Snake:1)
  8 swamp dragons
  10 deep trolls
  A glowing orange brain (Depths:1)
  A naga ritualist (Snake:4)
  An iron troll (Depths:4)
  5 goliath frogs
  4 lindwurms (Vaults:2)
  A phantasmal warrior (Depths:4)
  3 arcanists
  6 deep elf archers
  6 ironbound convokers
  4 bog bodies (Swamp:4)
  8 deep elf zephyrmancers
  An orc knight (Vaults:4)
  2 necromancers
  An oklob plant (WizLab)
  A shining eye (shapeshifter) (Elf:2)
  7 deep elf pyromancers
  2 fauns (WizLab)
  3 orc sorcerers
  7 ugly things
  A cyclops (D:15)
  A salamander (Snake:2)
  3 moths of wrath
  A guardian serpent (shapeshifter) (Vaults:5)
  2 naga magi (Snake:4)
  8 vault sentinels
  7 cane toads
  3 torpor snails
  A smoke demon (Depths:1)
  8 black mambas
  An orange demon (D:8)
  4 yaktaurs
  2 komodo dragons
  A merfolk (shapeshifter) (Vaults:5)
  4 tyrant leeches
  A polar bear (shapeshifter) (D:13)
  2 trolls
  3 polar bears
  A wolf spider simulacrum (D:15)
  3 hornets
  4 blink frogs
  A raiju (Lair:5)
  3 dream sheep (Lair:5)
  A glass eye (Depths:2)
  An iron dragon simulacrum (Depths:4)
  13 slime creatures
  2 spriggans
  An air elemental (Elf:3)
  6 water elementals
  10 yaks
  A fire elemental (Elf:1)
  3 wraiths
  A vampire mosquito (Swamp:1)
  A basilisk (Lair:2)
  A human (D:14)
  4 redbacks (Elf:1)
  3 wargs (Lair:5)
  6 nagas
  3 water moccasins
  5 swamp worms (Swamp:2)
  5 hell hounds (Lair:5)
  5 orc warriors
  7 black bears
  4 swamp drakes (Swamp:4)
  2 ogres
  5 wolves
  2 bullfrogs
  An earth elemental (Elf:2)
  A gnoll sergeant (D:8)
  2 killer bees (D:11)
  2 lava snakes (Lair:2)
  A jelly (Lair:4)
  6 orc priests
  7 orc wizards
  3 gnolls (D:8)
  23 orcs
  An endoplasm (D:1)
  A hobgoblin (D:3)
  A jackal (D:1)
  A kobold skeleton (D:5)
  3 rats (Lair:2)
478 creatures vanquished.

Vanquished Creatures (others)
  A fire giant (Vaults:5)
  A deep elf sorcerer (Elf:3)
  A caustic shrike zombie (Depths:3)
  2 draconian knights (Zot:5)
  A Killer Klown zombie (Zot:4)
  A quicksilver dragon zombie (Zot:1)
  3 very ugly thing zombies
  A fenstrider witch zombie (WizLab)
  2 sphinx zombies
  4 storm dragon zombies
  3 deep elf knights (Elf:2)
  2 bunyip zombies (Swamp:2)
  A golden dragon zombie (Zot:3)
  5 spark wasp zombies
  A deep troll (Vaults:3)
  2 deep elf archers
  4 shadow dragon zombies
  A goliath frog zombie (Swamp:4)
  A fire giant zombie (Vaults:5)
  An ugly thing zombie (Vaults:3)
  A frost giant zombie (Depths:1)
  A deep elf pyromancer (Elf:1)
  2 draconian zombies (Zot:1)
  6 stone giant zombies
  2 eleionoma zombies
  5 alligator zombies
  An iron dragon zombie (Vaults:5)
  3 shock serpent zombies
  A dwarf zombie (Orc:2)
  A guardian serpent (Snake:3)
  A vault sentinel (Vaults:5)
  39 elf zombies
  A naga mage (Snake:2)
  3 red draconian zombies
  A black draconian zombie (Zot:3)
  3 swamp worm zombies
  A purple draconian zombie (Depths:4)
  A white draconian zombie (Depths:4)
  24 yaktaur zombies
  6 redback zombies (Elf:1)
  An iron troll zombie (Depths:4)
  A green draconian zombie (Zot:1)
  2 yellow draconian zombies
  A great orb of eyes zombie (Vaults:1)
  5 hydra zombies
  5 moth of wrath zombies
  A harpy zombie (Vaults:1)
  A tengu simulacrum (Depths:4)
  4 ice dragon zombies
  A guardian serpent zombie (Vaults:5)
  A black mamba zombie (Snake:3)
  A meliai zombie (Elf:2)
  A radroach zombie (Zot:4)
  2 ettin zombies
  2 fire dragon zombies
  A human (D:14)
  A tyrant leech zombie (Swamp:4)
  8 slime creature zombies
  A golden eye (Zot:4)
  4 tengu zombies
  2 water nymph zombies (Zot:4)
  A merfolk zombie (Vaults:5)
  4 faun zombies (WizLab)
  4 salamander zombies
  2 skyshark zombies (Depths:3)
  22 deep troll zombies
  2 cane toad zombies
  3 dream sheep zombies (Lair:5)
  4 blink frog zombies (Lair:2)
  3 hornet zombies
  3 swamp dragon zombies
  A torpor snail zombie (Lair:5)
  A lindwurm zombie (Vaults:2)
  A wolf (Lair:5)
  2 rime drake zombies
  A wyvern zombie (D:10)
  3 warg zombies
  A glowing shapeshifter simulacrum (Depths:4)
  3 hell hound zombies (Lair:5)
  4 water moccasin zombies
  19 yak zombies
  7 spriggan zombies
  10 polar bear zombies
  3 troll zombies
  7 wolf zombies
  4 bullfrog zombies
  9 centaur zombies
  2 kobold zombies
  2 basilisk zombies
  5 black bear zombies
  58 human zombies
  A boggart zombie (Vaults:2)
  2 orc wizards (Orc:2)
  6 ogre zombies
  22 naga zombies
  A hell rat zombie (Lair:2)
  A howler monkey zombie (D:9)
  43 orc zombies
  3 swamp drake zombies (Swamp:4)
  A jelly zombie (Lair:4)
  A gnoll zombie (D:7)
  2 quokka zombies (Lair:2)
  3 rat zombies (Lair:2)
  A river rat zombie (Lair:2)
  2 foxfires (Swamp:3)
  28 starspawn tentacles (Abyss:2)
495 creatures vanquished.

Grand Total: 2606 creatures vanquished

Notes
Turn   | Place    | Note
-------+----------+-------------------------------------------
     0 | D:1      | Zeia the Demonspawn Necromancer began the quest for the
                  | Orb.
     0 | D:1      | Reached XP level 1. HP: 13/13 MP: 3/3
   169 | D:1      | Gained mutation: You regenerate a little health from kills.
                  | [demonic ancestry]
   169 | D:1      | Reached XP level 2. HP: 13/19 MP: 5/5
   417 | D:1      | Found Dovaexke's Weapon Boutique.
   503 | D:1      | Reached skill level 1 in Fighting
   565 | D:1      | Reached XP level 3. HP: 22/27 MP: 6/6
   761 | D:2      | Found a faded altar of an unknown god.
   867 | D:2      | Noticed Jessica
   875 | D:2      | Killed Jessica
   876 | D:2      | Gained mutation: When seriously injured, your blood forms
                  | armour. (AC +0) [demonic ancestry]
   876 | D:2      | Reached XP level 4. HP: 35/35 MP: 7/7
  1386 | D:2      | Noticed Natasha
  1398 | D:2      | Killed Natasha
  1533 | D:2      | Found a runed translucent door.
  1534 | D:2      | Noticed Crazy Yiuf
  1622 | D:3      | Gained mutation: You may rarely emit foul miasma when
                  | damaged in melee. [demonic ancestry]
  1622 | D:3      | Reached XP level 5. HP: 36/42 MP: 8/8
  1772 | D:3      | Reached skill level 5 in Necromancy
  2152 | D:3      | Identified the amulet "Etuicw" {Reflect ^Fragile rN+ Int+6
                  | SH+5 Stlth+}
  2261 | D:4      | Noticed a centaur
  2374 | D:3      | Learned a level 3 spell: Vampiric Draining
  2441 | D:4      | Gained mutation: When seriously injured, your blood forms
                  | thick armour. (AC +0) [demonic ancestry]
  2441 | D:4      | Reached XP level 6. HP: 48/48 MP: 11/11
  2705 | D:4      | You fall into a shaft and drop 2 floors!
  2714 | D:6      | Noticed an ice beast
  2784 | D:6      | Reached skill level 1 in Shields
  2959 | D:5      | Entered Level 5 of the Dungeon
  2974 | D:5      | Reached XP level 7. HP: 29/54 MP: 14/14
  3153 | D:5      | Noticed Pikel
  3322 | D:5      | Found a shimmering blue altar of Sif Muna.
  3452 | D:5      | Reached skill level 5 in Spellcasting
  3843 | D:5      | Killed Pikel
  3844 | D:5      | Reached XP level 8. HP: 60/64 MP: 0/15
  4109 | D:5      | Reached skill level 5 in Shields
  4734 | D:5      | Noticed Dowan
  4735 | D:5      | Noticed Duvessa
  4739 | D:5      | Killed Dowan
  4746 | D:5      | Killed Duvessa
  4963 | D:6      | Found an ornate altar of the Wu Jian Council.
  4966 | D:6      | Noticed Sigmund
  5191 | D:6      | Killed Sigmund
  5192 | D:6      | Gained mutation: When seriously injured, your blood forms
                  | very thick armour. (AC +0) [demonic ancestry]
  5192 | D:6      | Reached XP level 9. HP: 49/69 MP: 15/16
  5261 | D:6      | Found a shimmering altar of Xom.
  5895 | D:6      | Reached skill level 6 in Necromancy
  5911 | D:6      | Reached skill level 7 in Necromancy
  6073 | D:7      | Learned a level 4 spell: Dispel Undead
  6078 | D:7      | Learned a level 4 spell: Animate Dead
  6086 | D:7      | Found a staircase to the Ecumenical Temple.
  6101 | Temple   | Entered the Ecumenical Temple
  6116 | Temple   | Became a worshipper of Ashenzari the Shackled
  6284 | D:2      | Killed Crazy Yiuf
  6472 | D:7      | Reached skill level 8 in Necromancy
  6474 | D:7      | Learned a level 1 spell: Kiss of Death
  6986 | D:7      | Noticed Maggie
  7007 | D:7      | Killed Maggie
  7386 | D:8      | Reached skill level 1 in Conjurations
  7391 | D:8      | Gained mutation: Your touch may inflict minor irresistible
                  | damage on your foes. [demonic ancestry]
  7391 | D:8      | Reached XP level 10. HP: 58/76 MP: 5/17
  7760 | D:8      | Noticed an orange demon
  7761 | D:8      | Noticed Amaemon
  7769 | D:8      | Killed an orange demon
  7770 | D:8      | Reached skill level 5 in Conjurations
  7783 | D:8      | Killed Amaemon
  8015 | D:8      | Identified the amulet "Ypneczin" {Acrobat Str+3}
  8375 | D:9      | Reached * piety under Ashenzari
  8375 | D:9      | Identified a scroll of acquirement
  8376 | D:9      | Acquired a staff of conjuration
  8401 | D:9      | Noticed a two-headed ogre
  8409 | D:9      | Killed a two-headed ogre
  9413 | D:10     | Entered Level 10 of the Dungeon
  9467 | D:10     | Noticed Harold
  9495 | D:10     | Killed Harold
  9496 | D:10     | Gained mutation: You regenerate health from kills. [demonic
                  | ancestry]
  9496 | D:10     | Reached XP level 11. HP: 68/81 MP: 3/18
  9711 | D:10     | Reached skill level 10 in Conjurations
  9976 | D:10     | Found a staircase to the Lair.
 10198 | D:10     | Reached ** piety under Ashenzari
 10407 | D:10     | Noticed Nergalle
 10415 | D:10     | Killed Nergalle
 10422 | D:10     | Learned a level 4 spell: Iskenderun's Mystic Blast
 10498 | D:10     | Found Loenu's Book Boutique.
 10813 | Lair:1   | Entered Level 1 of the Lair of Beasts
 11175 | Lair:1   | Reached skill level 1 in Translocations
 12219 | Lair:2   | Identified the scarf of Repulsion {shadows, *Slow rC+
                  | Slay+3}
 12329 | Lair:2   | Found a staircase to the Swamp.
 12329 | Lair:2   | Noticed a swamp dragon
 12376 | Lair:2   | Killed a swamp dragon
 12377 | Lair:2   | Gained mutation: You regenerate a lot of health from kills.
                  | [demonic ancestry]
 12377 | Lair:2   | Reached XP level 12. HP: 81/97 MP: 8/21
 12634 | Lair:2   | Reached skill level 1 in Maces & Flails
 12759 | Lair:2   | Reached *** piety under Ashenzari
 12786 | Lair:2   | Found a staircase to the Snake Pit.
 13837 | Lair:3   | Noticed a boulder beetle
 13857 | Lair:3   | Killed a boulder beetle
 14218 | Lair:3   | Found a runed translucent gate.
 14218 | Lair:3   | Found a runed translucent gate.
 14218 | Lair:3   | Found a runed translucent gate.
 14564 | Lair:3   | Reached **** piety under Ashenzari
 14822 | Lair:3   | Identified the ring "Toqikhla" {Fire Str+2}
 15038 | Lair:4   | Noticed a six-headed hydra
 15097 | Lair:4   | Found a viscous altar of Jiyva.
 15097 | Lair:4   | Found a staircase to the Slime Pits.
 15345 | Lair:4   | Noticed a death yak
 15345 | Lair:4   | Noticed a death yak
 15347 | Lair:4   | Noticed a death yak
 15355 | Lair:4   | Killed a death yak
 15377 | Lair:4   | Killed a death yak
 15385 | Lair:4   | Killed a death yak
 15386 | Lair:4   | Gained mutation: Your touch may inflict irresistible damage
                  | on your foes. [demonic ancestry]
 15386 | Lair:4   | Reached XP level 13. HP: 74/106 MP: 3/24
 15952 | Lair:5   | Entered Level 5 of the Lair of Beasts
 16095 | Lair:5   | Learned a level 7 spell: Orb of Destruction
 16619 | Lair:5   | Reached skill level 5 in Maces & Flails
 16697 | Lair:5   | Identified the +6 trident of Tadizolo {heavy, rElec rC+
                  | Int-2}
 17034 | Lair:5   | Reached skill level 10 in Fighting
 17471 | Lair:5   | Paralysed by a hornet for 3 turns
 17872 | Lair:5   | Reached XP level 14. HP: 96/121 MP: 29/29
 17987 | Lair:5   | Reached skill level 15 in Conjurations
 18706 | D:11     | Reached ***** piety under Ashenzari
 19008 | D:11     | Found a staircase to the Orcish Mines.
 19425 | D:11     | Found an ancient bone altar of Kikubaaqudgha.
 21004 | D:13     | Identified the +3 orcbow of Duob {antimagic, Dex+3}
 21085 | D:13     | Learned a level 5 spell: Borgnjor's Vile Clutch
 21612 | Orc:1    | Entered Level 1 of the Orcish Mines
 21650 | Orc:1    | Reached skill level 9 in Necromancy
 22148 | Orc:2    | Entered Level 2 of the Orcish Mines
 22200 | Orc:2    | Found Tijuw's Book Shoppe.
 22434 | Orc:2    | Found a radiant altar of Vehumet.
 22436 | Orc:2    | Noticed Erolcha
 22454 | Orc:2    | Paralysed by an orc sorcerer for 2 turns
 22461 | Orc:2    | Paralysed by an ogre mage for 4 turns
 22472 | Orc:2    | Reached skill level 10 in Necromancy
 22481 | Abyss:2  | Cast into level 2 of the Abyss (Erolcha)
 22511 | Abyss:2  | Found a corrupted altar of Lugonu.
 22570 | Abyss:2  | Noticed a tentacled starspawn
 22599 | Abyss:2  | Noticed a tentacled starspawn
 22607 | Abyss:2  | Noticed a purple very ugly thing
 22611 | Abyss:2  | Noticed a tentacled starspawn
 22618 | Abyss:2  | Noticed a dread lich
 22621 | Abyss:2  | Paralysed by a dread lich for 4 turns
 22626 | Abyss:2  | Paralysed by a dread lich for 2 turns
 22628 | Abyss:2  | Noticed a tentacled starspawn
 22636 | Abyss:2  | Found a corrupted altar of Lugonu.
 22652 | Abyss:2  | Found a corrupted altar of Lugonu.
 23146 | Orc:2    | Escaped the Abyss
 23148 | Orc:2    | Killed Erolcha
 23156 | Orc:2    | Found Exofahir's Jewellery Shoppe.
 23175 | Orc:2    | Reached XP level 15. HP: 121/131 MP: 14/32
 23182 | Orc:2    | Found an ancient bone altar of Kikubaaqudgha.
 23192 | Orc:2    | Noticed Jorgrun
 23211 | Orc:2    | Killed Jorgrun
 23212 | Orc:2    | Found Monk's Magic Scroll Shoppe.
 23226 | Orc:2    | Found Ytoguem's Antique Weapon Emporium.
 23234 | Orc:2    | Found Umecsam's Distillery.
 23263 | Orc:2    | Bought the ring "Rubrino" {Int+6 Dex+3} for 690 gold pieces
 23313 | Orc:2    | Bought a potion of heal wounds for 60 gold pieces
 23313 | Orc:2    | Bought a potion of ambrosia for 96 gold pieces
 23360 | Orc:2    | Found a staircase to the Elven Halls.
 23389 | Orc:2    | Reached skill level 11 in Necromancy
 23509 | Orc:2    | Found a transporter.
 23511 | Orc:2    | Found Tamega's Distillery.
 23566 | Orc:2    | Found a transporter.
 23574 | Orc:2    | Bought a potion of heal wounds for 80 gold pieces
 23574 | Orc:2    | Bought a potion of haste for 160 gold pieces
 23584 | Orc:2    | Found Qixif's Jewellery Shoppe.
 23684 | Orc:2    | Found Vukaugej's Weapon Emporium.
 23901 | Orc:2    | Found Qic Qoir's Armour Boutique.
 23901 | Orc:2    | Noticed Saint Roka
 23926 | Orc:2    | Your ally Jorgrun died
 23929 | Orc:2    | Killed Saint Roka
 24075 | Orc:2    | Noticed Urug
 24098 | Orc:2    | Killed Urug
 24099 | Orc:2    | Reached skill level 12 in Necromancy
 24534 | D:13     | Upgraded the game from 0.31.0-2-g5a2aebc5c2 to
                  | 0.31.0-4-g52a2dc7128
 24569 | D:13     | Acquired the Spellbook of Fulgent Synthesis
 24579 | D:13     | Learned a level 5 spell: Irradiate
 25342 | D:14     | Reached skill level 13 in Necromancy
 25417 | D:14     | Found a gate to the Vaults.
 25959 | D:15     | Entered Level 15 of the Dungeon
 26074 | Abyss:2  | Cast into level 2 of the Abyss (an occultist)
 26083 | D:15     | Escaped the Abyss
 26088 | D:15     | Reached skill level 14 in Necromancy
 26167 | D:15     | Found a staircase to the Depths.
 26403 | D:15     | Found the +18 Lear's hauberk
 26829 | D:15     | Found a portal to a secret trove of treasure.
 27212 | Swamp:1  | Entered Level 1 of the Swamp
 27352 | Swamp:1  | Identified the +4 rapier of Zautumos {venom, rCorr MP+9
                  | Int+3 Dex-3}
 27377 | Swamp:1  | Reached skill level 5 in Armour
 27584 | Swamp:1  | Gained mutation: You sometimes emit foul miasma when
                  | damaged in melee. [demonic ancestry]
 27584 | Swamp:1  | Reached XP level 16. HP: 136/136 MP: 19/32
 28129 | Swamp:2  | Noticed a thorn hunter
 28166 | Swamp:2  | Killed a thorn hunter
 28841 | Swamp:2  | Noticed Donald
 28854 | Swamp:2  | Killed Donald
 28883 | Swamp:2  | Paralysed by a fenstrider witch for 5 turns
 29600 | Swamp:3  | Reached skill level 10 in Armour
 29728 | Swamp:3  | Noticed a thorn hunter
 29737 | Swamp:3  | Killed a thorn hunter
 29826 | Swamp:3  | Noticed Bai Suzhen
 29845 | Swamp:3  | Killed Bai Suzhen
 30754 | Swamp:4  | Entered Level 4 of the Swamp
 30958 | Swamp:4  | Noticed Louise
 31115 | Swamp:3  | Reached skill level 10 in Spellcasting
 31217 | Swamp:4  | Noticed a thorn hunter
 31231 | Swamp:4  | Killed a thorn hunter
 31720 | Swamp:4  | Killed Louise
 31812 | Swamp:4  | Gained mutation: Your touch may irresistibly damage your
                  | foes and sap their willpower. [demonic ancestry]
 31812 | Swamp:4  | Reached XP level 17. HP: 12/139 MP: 24/33
 31822 | Swamp:4  | HP: 6/139 [poisoned by a swamp dragon (blast of poison)]
 32230 | Swamp:4  | Got a decaying rune of Zot
 32748 | Orc:2    | Bought the +4 chain mail of Nemelex Xobeh's Pride {rPois
                  | rF+ Str+5} for 851 gold pieces
 33133 | Snake:1  | Entered Level 1 of the Snake Pit
 34398 | Snake:2  | Found Heclouz's Tiny Tomes.
 34886 | Snake:2  | Found Anyiwki's General Store.
 35297 | Snake:2  | Bought 2 potions of curing for 102 gold pieces
 35299 | Snake:2  | Found Gitacuv's Antique Armour Shoppe.
 35303 | Snake:2  | Bought a warped helmet for 247 gold pieces
 35303 | Snake:2  | Identified the +4 helmet of a wizard's laboratory {+Blink
                  | MP+9 Stlth+} (You bought it in a shop on level 2 of the
                  | Snake Pit)
 35894 | Snake:3  | Found a transporter.
 35901 | Snake:3  | Found a shimmering blue altar of Sif Muna.
 35901 | Snake:3  | Identified the Vellum of the Legion and the Crater
 36722 | Snake:4  | Entered Level 4 of the Snake Pit
 36776 | Snake:4  | Found a glacial archway.
 36951 | IceCv    | Entered an ice cave
 37541 | IceCv    | Found an ancient bone altar of Kikubaaqudgha.
 37876 | IceCv    | Identified the ring "Utege" {Ice rN++ rCorr Int+4 Dex-4}
 38321 | IceCv    | Noticed a lich
 38329 | IceCv    | Killed a lich
 38330 | IceCv    | Reached skill level 15 in Armour
 38348 | IceCv    | Identified the ring "Gasall" {rN+ Int+3}
 38645 | Snake:4  | Reached XP level 18. HP: 143/146 MP: 35/35
 39243 | Snake:4  | Reached skill level 15 in Necromancy
 39816 | Snake:4  | Reached skill level 16 in Necromancy
 39992 | Snake:4  | Got a serpentine rune of Zot
 40529 | Snake:4  | Gained mutation: You frequently emit foul miasma when
                  | damaged in melee. [demonic ancestry]
 40529 | Snake:4  | Reached XP level 19. HP: 155/155 MP: 36/36
 40798 | Orc:2    | Bought Doboebor's Precepts of Generation for 598 gold
                  | pieces
 40855 | Orc:2    | Bought a potion of curing for 48 gold pieces
 40855 | Orc:2    | Bought a potion of curing for 48 gold pieces
 40855 | Orc:2    | Bought a potion of curing for 48 gold pieces
 40931 | Orc:2    | Bought a potion of curing for 36 gold pieces
 40931 | Orc:2    | Bought a potion of curing for 36 gold pieces
 41172 | Vaults:1 | Entered Level 1 of the Vaults
 41172 | Vaults:1 | Identified the +6 falchion "Qugiblycome" {drain, Fly Str+3
                  | Dex+4}
 41206 | Vaults:1 | Reached skill level 1 in Summonings
 42065 | Vaults:1 | Reached skill level 5 in Summonings
 42308 | Vaults:1 | Identified the cursed +0 cloak of Ashenzari's Submission
                  | {Elem, Dev} (You took it off Crazy Yiuf on level 2 of the
                  | Dungeon)
 42308 | Vaults:1 | Identified the cursed +1 pair of boots "Restrained
                  | Orthodoxy" {Cun, Melee} (You found it on level 3 of the
                  | Dungeon)
 42308 | Vaults:1 | Identified the cursed +2 kite shield of the Distant Sage
                  | {reflect, Melee, Comp} (You took it off a tengu warrior on
                  | level 13 of the Dungeon)
 42442 | Vaults:1 | Learned a level 7 spell: Haunt
 43222 | Vaults:2 | Found a runed translucent gate.
 43222 | Vaults:2 | Found a runed translucent gate.
 43222 | Vaults:2 | Found a runed translucent gate.
 43498 | Vaults:2 | Gained mutation: You are robust. (+10% HP) [demonic
                  | ancestry]
 43498 | Vaults:2 | Reached XP level 20. HP: 135/178 MP: 33/38
 43781 | Vaults:2 | Identified the amulet of Guvexo {Acrobat rC+ rN+ Dex+3}
 43882 | Vaults:2 | Reached skill level 10 in Summonings
 44929 | Vaults:2 | Noticed Daunt's ghost (adept BaSh)
 44947 | Vaults:2 | Identified the +0 helmet of Apiekuh {Harm rC- Int+2}
 45291 | Vaults:2 | Gained mutation: You occasionally lose the ability to drink
                  | potions when taking damage. [mutagenic glow]
 45292 | Vaults:2 | Killed Daunt's ghost
 45308 | Vaults:2 | Gained mutation: Your muscles are strong. (Str +4, Int/Dex
                  | -1) [mutagenic glow]
 45316 | Vaults:2 | Gained mutation: You are vulnerable to cold. (rC-)
                  | [mutagenic glow]
 45356 | Vaults:2 | Gained mutation: Potions are less effective at restoring
                  | your health. [mutagenic glow]
 45606 | Vaults:3 | Reached skill level 10 in Shields
 46024 | Vaults:3 | Found a staircase to the Crypt.
 47047 | Vaults:3 | Identified the +0 scale mail "Gohoprupoph" {Int+8}
 47495 | Vaults:4 | Found a magical portal.
 47516 | WizLab   | Entered Eringya's Formal Garden
 47665 | WizLab   | Reached XP level 21. HP: 170/188 MP: 39/39
 47681 | WizLab   | Learned a level 2 spell: Blink
 47691 | WizLab   | Identified Eringya's Directory of the Queen Bee
 47738 | WizLab   | Paralysed by a fenstrider witch for 5 turns
 48369 | WizLab   | Paralysed by a fenstrider witch for 2 turns
 48378 | WizLab   | Reached skill level 15 in Fighting
 48385 | WizLab   | Found a blossoming altar of Fedhas.
 48734 | Vaults:4 | Reached ****** piety under Ashenzari
 48844 | Vaults:4 | Reached skill level 10 in Maces & Flails
 49704 | Vaults:4 | Identified the +0 pair of gloves of the Crypt {Will+ Dex+7}
 50026 | Depths:1 | Entered Level 1 of the Depths
 50268 | Depths:1 | Acquired 1270 gold pieces
 50425 | Depths:1 | Found a gateway to Hell.
 50573 | Depths:1 | Acquired 496 gold pieces
 50771 | Depths:1 | Found a one-way gate leading to the halls of Pandemonium.
 51991 | Depths:2 | Reached skill level 17 in Necromancy
 52305 | Depths:2 | Noticed a golden dragon
 52310 | Depths:2 | Killed a golden dragon
 53139 | Depths:2 | Gained mutation: You are very robust. (+20% HP) [demonic
                  | ancestry]
 53139 | Depths:2 | Reached XP level 22. HP: 195/223 MP: 44/44
 53167 | Depths:2 | Noticed a juggernaut
 53514 | Depths:2 | Killed a juggernaut
 53515 | Depths:2 | Reached skill level 15 in Spellcasting
 53844 | Depths:2 | Identified the staff "Hubybuk" {rF+ Int+3 Fire}
 54057 | Depths:3 | Noticed Norris
 54067 | Depths:3 | Killed Norris
 54082 | Depths:3 | Noticed a caustic shrike
 54092 | Depths:3 | Killed a caustic shrike
 54215 | Depths:3 | Your ally Norris died
 54705 | Depths:3 | Found a one-way gate to the infinite horrors of the Abyss.
 55063 | Depths:3 | Identified the ring of the Catfish {Fire Fly}
 55355 | Hell     | Entered the Vestibule of Hell
 55355 | Hell     | Noticed Geryon
 55680 | Elf:1    | Entered Level 1 of the Elven Halls
 55985 | Elf:1    | Identified the +2 mace of Sloth {protect, rC+}
 56170 | Elf:1    | Found Ripa Fuy's Magic Scroll Boutique.
 56857 | Elf:2    | Paralysed by an air elemental for 1 turns
 57059 | Elf:2    | Found a huge runed translucent gate.
 57059 | Elf:2    | Found a huge runed translucent gate.
 57059 | Elf:2    | Found a huge runed translucent gate.
 57060 | Elf:2    | Found a huge runed translucent gate.
 57063 | Elf:2    | Found a huge runed translucent gate.
 58587 | Elf:3    | Entered Level 3 of the Elven Halls
 58638 | Elf:3    | Paralysed by an air elemental for 1 turns
 58642 | Elf:3    | Gained mutation: You are extremely robust. (+30% HP)
                  | [demonic ancestry]
 58642 | Elf:3    | Reached XP level 23. HP: 120/257 MP: 28/47
 58644 | Elf:3    | Paralysed by an air elemental for 1 turns
 58646 | Elf:3    | Paralysed by an air elemental for 1 turns
 58919 | Elf:3    | Found Rywuitta's Assorted Antiques.
 58921 | Elf:3    | Found Beta Hal's Distillery.
 58923 | Elf:3    | Found Hizumib's Book Shop.
 58939 | Elf:3    | Bought a potion of curing for 48 gold pieces
 58939 | Elf:3    | Bought a potion of curing for 48 gold pieces
 58939 | Elf:3    | Bought a potion of curing for 48 gold pieces
 58941 | Elf:3    | Bought a scroll of teleportation for 81 gold pieces
 59219 | Elf:3    | Paralysed by an air elemental for 1 turns
 59223 | Elf:3    | Paralysed by an air elemental for 1 turns
 59225 | Elf:3    | Paralysed by an air elemental for 1 turns
 59502 | Elf:3    | Identified the +1 robe of the Distant Future {-Cast +Inv
                  | Dex-3 Stlth+}
 59526 | Elf:3    | Identified the ring of the Caustic God {rC+ Dex+3}
 59529 | Elf:3    | Identified the +0 chain mail "Mem Pieh" {Rampage rN+}
 59529 | Elf:3    | Identified the ring "Robek" {rF+ Will+}
 59553 | Elf:3    | Identified the +1 sling of Inference {antimagic, rCorr}
 59554 | Elf:3    | Identified the Precepts of the Scintillating Gang
 59633 | Elf:3    | Identified the +10 shadow dragon scales of the Heron {-Tele
                  | rElec rPois Dex+3 Stlth++++}
 59671 | Elf:3    | Identified the staff "Ciexkoyl" {*Corrode rPois rC++ Air
                  | Alchemy}
 59671 | Elf:3    | Identified the +2 dagger "Z" {flame, Str+4}
 60457 | D:15     | You paid a toll of 19 potions of curing to enter a treasure
                  | trove
 60458 | Trove    | Entered a treasure trove
 60463 | Trove    | Identified the ring of Taetuij {rC+ Int+2}
 60463 | Trove    | Found the +5 robe of Night {Dark Will+ SInv}
 60463 | Trove    | Identified the orb of Fezefo {light, rElec rF+ Will+ Int+3}
 60463 | Trove    | Identified the orb of the Jocular Griffon {guile, rElec
                  | Int-5 Alchemy}
 60552 | D:15     | Learned a level 4 spell: Anguish
 60554 | D:15     | Learned a level 1 spell: Freeze
 60668 | Depths:4 | Entered Level 4 of the Depths
 60787 | Depths:4 | Identified the ring "Atiqo" {Ice *Corrode rPois Dex+2
                  | Slay+4}
 60787 | Depths:4 | Noticed Josephina
 60797 | Depths:4 | Paralysed by a vampire knight for 4 turns
 61639 | Depths:4 | Reached skill level 18 in Necromancy
 62115 | Depths:4 | Killed Josephina
 62521 | Depths:4 | Found a gate to the Realm of Zot.
 62857 | Depths:4 | Found a one-way gateway to a ziggurat.
 63388 | Vaults:5 | Entered Level 5 of the Vaults
 63398 | Vaults:5 | Identified the +8 spear of Exquisite Death {venom, +Blink
                  | rPois}
 63413 | Vaults:5 | Reached skill level 19 in Necromancy
 63484 | Vaults:5 | Identified the +0 chain mail of Exclusion {rC+}
 63743 | Vaults:5 | Reached skill level 20 in Necromancy
 63864 | Vaults:5 | Noticed a dread lich
 63866 | Vaults:5 | Paralysed by a dread lich for 5 turns
 63894 | Vaults:5 | Reached XP level 24. HP: 141/265 MP: 29/46
 64039 | Vaults:5 | Identified the ring of Ysmal {rF+ EV+5 Str-2 Int+7}
 64044 | Vaults:5 | Identified Qech's Secrets of the Barrage
 64105 | Vaults:5 | Noticed a dread lich
 64119 | Vaults:5 | Killed a dread lich
 64316 | Vaults:5 | Noticed an ancient lich
 64649 | Vaults:5 | Identified the +1 pair of boots "Goerchixt" {Str+3}
 64649 | Vaults:5 | Identified the amulet of Neladaoc {Reflect Int+3 Slay+2
                  | SH+5}
 64673 | Vaults:5 | Got a silver rune of Zot
 64895 | Vaults:5 | Killed an ancient lich
 65224 | Vaults:5 | Killed a dread lich
 65226 | Vaults:5 | Identified An Induction into Wizardry
 66317 | Zot:1    | Entered Level 1 of the Realm of Zot
 66466 | Zot:1    | Noticed a dread lich
 66644 | Zot:1    | Killed a dread lich
 66832 | Zot:1    | Learned a level 3 spell: Swiftness
 66860 | Zot:1    | Reached skill level 1 in Air Magic
 67269 | Zot:1    | Identified the Writings on Shades
 67833 | Zot:1    | Reached skill level 5 in Air Magic
 68140 | Zot:1    | Noticed an orb of fire
 68150 | Zot:1    | Killed an orb of fire
 68940 | Zot:1    | Reached XP level 25. HP: 246/278 MP: 37/46
 71193 | Zot:4    | Noticed a Killer Klown
 71289 | Zot:4    | Killed a Killer Klown
 72839 | Zot:4    | Identified Riuda's Essays on the Amorphous Grave
 73762 | Zot:4    | Learned a level 8 spell: Infestation
 73817 | Zot:4    | Identified Cigotuvi's Tome of the Impure Charnel House
 74156 | Zot:5    | Entered Level 5 of the Realm of Zot
 74362 | Zot:3    | Lost mutation: Potions are less effective at restoring your
                  | health. [potion of mutation]
 74362 | Zot:3    | Lost mutation: You are vulnerable to cold. (rC-) [potion of
                  | mutation]
 74362 | Zot:3    | Gained mutation: You have hidden genetic potential. [potion
                  | of mutation]
 74362 | Zot:3    | Lost mutation: You occasionally lose the ability to drink
                  | potions when taking damage. [potion of mutation]
 74362 | Zot:3    | Gained mutation: You are strong-willed. (Will+) [potion of
                  | mutation]
 75319 | Zot:5    | Noticed a dread lich
 75343 | Zot:5    | Killed a dread lich
 75672 | Zot:5    | Noticed a Killer Klown
 75672 | Zot:5    | Noticed an orb of fire
 75675 | Zot:5    | Noticed an orb of fire
 75680 | Zot:5    | Noticed an orb of fire
 75869 | Zot:5    | Killed an orb of fire
 75876 | Zot:5    | Gained mutation: You are vulnerable to cold. (rC-) [an orb
                  | of fire]
 75883 | Zot:5    | Gained mutation: Armour fits poorly on your strangely
                  | shaped body. [an orb of fire]
 75888 | Zot:5    | Killed an orb of fire
 76256 | Zot:5    | Noticed a Killer Klown
 76265 | Zot:5    | Killed a Killer Klown
 76286 | Zot:5    | Reached skill level 21 in Necromancy
 76291 | Zot:5    | Noticed an orb of fire
 76293 | Zot:5    | Noticed an orb of fire
 76294 | Zot:5    | Noticed a Killer Klown
 76294 | Zot:5    | Noticed a Killer Klown
 76427 | Zot:5    | Gained mutation: You are occasionally teleported next to
                  | monsters. [an orb of fire]
 76430 | Zot:5    | Killed an orb of fire
 76431 | Zot:5    | Reached XP level 26. HP: 269/300 MP: 30/47
 76492 | Zot:4    | Learned a level 9 spell: Death's Door
 76532 | Zot:5    | Gained mutation: You are clumsy. (Dex -2) [an orb of fire]
 76533 | Zot:5    | Gained mutation: Your magical capacity is low. (-10% MP)
                  | [an orb of fire]
 76843 | Zot:4    | Gained mutation: You are dopey. (Int -2) [an orb of fire]
 76844 | Zot:4    | Gained mutation: Your spells are a little easier to cast,
                  | but a little less powerful. [an orb of fire]
 76848 | Zot:4    | Gained mutation: Your spells are easier to cast, but less
                  | powerful. [an orb of fire]
 76849 | Zot:4    | Gained mutation: You sometimes lose your temper in combat.
                  | [an orb of fire]
 76849 | Zot:4    | Killed an orb of fire
 77428 | Zot:5    | Gained mutation: Your health recovers twice as slowly from
                  | being drained. [mutagenic glow]
 77836 | Zot:5    | Gained mutation: You are very clumsy. (Dex -4) [an orb of
                  | fire]
 77836 | Zot:5    | Killed an orb of fire
 77837 | Zot:5    | Reached skill level 22 in Necromancy
 78213 | Zot:3    | Gained mutation: You occasionally lose the ability to read
                  | scrolls when taking damage. [mutagenic glow]
 78419 | D:12     | Lost mutation: Armour fits poorly on your strangely shaped
                  | body. [potion of mutation]
 78419 | D:12     | Lost mutation: Your health recovers twice as slowly from
                  | being drained. [potion of mutation]
 78419 | D:12     | Lost mutation: You are very clumsy. (Dex -4) [potion of
                  | mutation]
 78419 | D:12     | Gained mutation: You have sharp toenails. [potion of
                  | mutation]
 78671 | Snake:2  | Lost mutation: Your muscles are strong. (Str +4, Int/Dex
                  | -1) [potion of mutation]
 78671 | Snake:2  | Lost mutation: Your spells are easier to cast, but less
                  | powerful. [potion of mutation]
 78671 | Snake:2  | Lost mutation: You are clumsy. (Dex -2) [potion of
                  | mutation]
 78672 | Snake:2  | Lost mutation: You sometimes lose your temper in combat.
                  | [potion of mutation]
 78672 | Snake:2  | Lost mutation: You are dopey. (Int -2) [potion of mutation]
 78672 | Snake:2  | Lost mutation: You occasionally lose the ability to read
                  | scrolls when taking damage. [potion of mutation]
 78672 | Snake:2  | Gained mutation: You are weak. (Str -2) [potion of
                  | mutation]
 78672 | Snake:2  | Gained mutation: You are highly strong-willed. (Will++)
                  | [potion of mutation]
 79427 | Zot:5    | Reached skill level 23 in Necromancy
 79565 | Zot:5    | Got the Orb of Zot
 80203 | D:2      | Noticed Natasha
 80207 | D:2      | Killed Natasha
 80232 | D:$      | Escaped with the Orb!

Illustrated notes

Levels and vault maps discovered:
D:1:      onia_arrival_pyramid, layout_rooms, serial_shops,
          nicolae_shop_hallway_plus, minmay_tall_x
D:2:      layout_loops_cross, hellmonk_ecumenical_altar_heavens_door,
          minmay_goblin_kobold_house, uniq_jessica, uniq_crazy_yiuf_cottage,
          uniq_natasha
D:3:      layout_loops_ring
D:4:      layout_rooms
D:5:      layout_gridville, nicolae_tso_besieged_by_evil,
          nicolae_overflow_crystal_walls, uniq_pikel, uniq_duvessa
D:6:      layout_basic, mainiacjoe_overflow_large_starburst,
          kennysheep_generic_room_3, uniq_sigmund
D:7:      layout_gridville, minmay_temple_entry_junction, uniq_maggie
D:8:      layout_rooms, uniq_amaemon
D:9:      layout_loops_cross
D:10:     layout_layer_cave, due_lair_maze_entry_diamond, serial_shops,
          nicolae_shop_trees, uniq_nergalle, uniq_harold
D:11:     layout_long_grid, kennysheep_orc_monster_closet_entryway,
          roadster_capsule_ark_zombie
D:12:     layout_rooms
D:13:     minmay_the_grid_triangle_9x9_recursive_2
          [minmay_the_grid_triangle_9x9_prize_center,
          minmay_the_grid_triangle_9x9_impossible_snake,
          minmay_the_grid_triangle_9x9_wacky_v,
          minmay_the_grid_triangle_9x9_steps], layout_irregular_city,
          marbit_kobold_abyssish
D:14:     layout_loops_corners, ximxim_vaults_locker_room
D:15:     grunt_enter_depths_magical_seal, layout_rooms, minivault_11,
          nicolae_trove_entry_path_of_doom, hellmonk_guarded_unrand_lears
Temple:   mainiacjoe_temple_bowtie_tessellation
Lair:1:   layout_loops_ring
Lair:2:   lemuel_ratsnest, layout_loops_ring,
          mainiacjoe_swamp_entry_lozenge_pond, nicolae_snake_entry_warm_welcome,
          hibernation_bobbens, lemuel_fruit_tree, infiniplex_staircase_pool
Lair:3:   wander_river, layout_regular_city, gammafunk_ghost_icy
Lair:4:   layout_loops_ring, minmay_slime_entry_pillars, grunt_megastairs_5
Lair:5:   wormcave, layout_cave_pods, hangedman_lair_caniforms_friends,
          hangedman_lair_unloving_vines
Swamp:1:  layout_basic_swamp, evilmike_swamp_ruin_house_4,
          nicolae_swamp_long_stream
Swamp:2:  layout_falls_marsh, nicolae_swamp_well_well_well, swamp_pool_4,
          nicolae_swamp_no_escape, nicolae_swamp_decorative_isthmus, uniq_donald
Swamp:3:  layout_falls_marsh, nicolae_swamp_bean_lake, swamp_pool_1_2,
          nicolae_swamp_catching_bugs, uniq_bai_suzhen
Swamp:4:  swamp_alternative, layout_basic_swamp, uniq_louise
Snake:1:  layout_basic
Snake:2:  layout_honeycomb, nicolae_shop_i_like_small_books_too,
          minmay_shoptagon
Snake:3:  gammafunk_sealed_library, layout_cave_town
Snake:4:  minmay_snake_end_coiled, layout_onion,
          portal_ice_cave_entry_ice_simulacra,
          nicolae_snake_the_dead_are_slithering
Orc:1:    layout_caves, lemuel_statue_altar
Orc:2:    kennysheep_orc_mage_school, layout_caves, serial_shops,
          nicolae_shop_bloodbath_and_beyond, nicolae_shop_advertising_works
          [nicolae_subvault_shop_adworks], shop,
          nicolae_shop_just_a_little_nook, nicolae_shop_drivethru, basic_altar,
          uniq_saint_roka, uniq_urug, uniq_jorgrun
Elf:1:    eino_elf_arrival_customs, layout_geoelf_octagon, serial_shops,
          nicolae_shop_rolled_up, kennysheep_underground_church, drop_trap,
          st_stairs_14
Elf:2:    elven_hall_of_blades_hangedman_alternative
          [nicolae_blade_entry_hurt_lockers], layout_gridlike,
          grunt_megastairs_2
Elf:3:    elf_hall_gauntlet_wide, layout_geoelf_octagon, minmay_shop_star
Vaults:1: nicolae_vaults_closet_pinwheel_2, v_misc_11,
          nicolae_vaults_trapezoid_lopsided_3, nicolae_vaults_lightning_bolt,
          ontoclasm_vaults_bender, nicolae_vaults_shipping_containers_5,
          v_misc_3, v_misc_28, v_misc_9, grunt_vaults_twisty,
          ontoclasm_vaults_loading_screen, nicolae_vaults_variable_pillar_hall,
          nicolae_vaults_tetromino_T_2, layout_vaults_maze_bifur
Vaults:2: gammafunk_ghost_tricky_traps, v_pattern_1,
          nicolae_vaults_cornered_office, vaults_mumra_hex,
          nicolae_vaults_offset_grid_hallway_1, nicolae_vaults_frosty_reception,
          serial_library_hellmonk_open_square, nicolae_vaults_closet_pinwheel_2,
          nicolae_vaults_crenellated_ambush,
          nicolae_vaults_windows_and_doors_thing, vaults_room_door_ring,
          serial_library_hellmonk_open_cross, vaults_dpeg_ring,
          layout_vaults_ring
Vaults:3: nicolae_vaults_closet_pinwheel_3, nicolae_vaults_tetromino_L_1,
          nicolae_vaults_little_squares_5, hangedman_vaults_corner,
          nicolae_vaults_offset_grid_hallway_3,
          nicolae_vaults_closet_pinwheel_6, nicolae_vaults_weapon_check,
          hangedman_vaults_stream, minmay_crypt_entry_simple_plaza, v_misc_12,
          ontoclasm_vaults_shuriken, v_misc_8, nicolae_vaults_theta,
          nicolae_vaults_trapezoid_lopsided_3, layout_vaults_omnibox
Vaults:4: infiniplex_enter_wizlab_water, nicolae_vaults_network_square,
          vaults_mumra_lcd, ontoclasm_vaults_twist,
          nicolae_vaults_mini_display_case, minmay_orc_keep,
          layout_vaults_omnigrid, uniq_margery
Vaults:5: serial_shops
Depths:1: layout_long_grid, nicolae_hitomezashi [nicolae_hito_row,
          nicolae_hito_row, nicolae_hito_row, nicolae_hito_row,
          nicolae_hito_row, nicolae_hito_row, nicolae_hito_row,
          nicolae_hito_row, nicolae_hito_row, nicolae_hito_row,
          nicolae_hito_row, nicolae_hito_row, nicolae_hito_row,
          nicolae_hito_row, nicolae_hito_row, nicolae_hito_row,
          nicolae_hito_row, nicolae_hito_row], lightli_too_deep, pan_entry,
          grunt_ministairs_8, minmay_misc_feat_cross, zin_angel
Depths:2: evilmike_diamond_1, layout_basic, serial_corexii_hall,
          corexii_hall_statues_u, corexii_hall_statues_i, corexii_corridor_pit,
          hell_entry, rand_demon_pan_entry_4
Depths:3: nzn_winding_woodlands_small [nzn_winding_woodlands_5x15_garden,
          nzn_winding_woodlands_center_pierced_h,
          nzn_winding_woodlands_5x15_crooked], layout_honeycomb, abyss_entry,
          chequers_big_river, hell_entry, unseen_surprise_small, uniq_norris
Depths:4: grunt_crosshair, layout_cave_pools, enter_ziggurat_c,
          hangedman_coc_ice_floe, minivault_14, uniq_josephina
Hell
Zot:1:    hellmonk_crystal_mountain, layout_concentric_octagons,
          grunt_megastairs_1
Zot:2:    layout_gridlike, grunt_megastairs_4
Zot:3:    layout_basic, lemuel_elevator
Zot:4:    regret_index_all_hallows'_manor, layout_gridlike,
          regret_index_zotdec_wing_it
Zot:5:    layout_twisted_circle

Skill      XL: |  1  2  3  4  5  6  7  8  9 10 11 12 13 14 15 16 17 18 19 20 21 22 23 24 25 26 |
---------------+-------------------------------------------------------------------------------+-----
Fighting       | 1 3 4 6 8 10 11 12 14 15 17 18 21 | 21.5
Necromancy     | 5 8 10 14 16 17 20 21 23 | 23.2
Spellcasting   | 3 4 5 7 9 10 11 12 14 16 17 | 17.4
Shields        | 2 4 7 8 9 12 | 12.0
Armour         | 3 6 11 15 17 | 17.0
Conjurations   | 2 9 11 14 16 19 | 19.4
Translocations | 3 4 |  4.3
Maces & Flails | 4 7 8 9 11 | 11.8
Summonings     | 8 11 | 11.0
Air Magic      | 5 |  5.3
Dodging        | |  1.7
Stealth        | |  1.7

Action                     |  1- 3 |  4- 6 |  7- 9 | 10-12 | 13-15 | 16-18 | 19-21 | 22-24 | 25-27 || total
---------------------------+-------+-------+-------+-------+-------+-------+-------+-------+-------++-------
  Melee: Short sword       |    20 |       |       |       |       |       |       |       |       ||    20
         Whip              |    10 |   131 |   200 |    20 |       |       |       |       |       ||   361
         Punch             |       |     1 |       |       |       |       |       |       |       ||     1
         Demon whip        |       |       |       |   512 |  1431 |  1023 |   769 |       |       ||  3735
         Unarmed           |       |       |       |       |       |       |     6 |       |       ||     6
         Morningstar       |       |       |       |       |       |       |   274 |   947 |   554 ||  1775
   Cast: Necrotise         |    57 |    33 |    48 |    13 |     6 |     1 |     1 |       |       ||   159
         Vampiric Draining |       |     7 |    73 |   128 |    85 |     6 |     4 |       |       ||   303
         Animate Dead      |       |       |     2 |    13 |    28 |    25 |    30 |    35 |    15 ||   148
         Dispel Undead     |       |       |       |     9 |    36 |    80 |    17 |    44 |    14 ||   200
         Iskenderun's Myst |       |       |       |     2 |     1 |       |       |     4 |     8 ||    15
         Orb of Destructio |       |       |       |       |     8 |    33 |    11 |    11 |    40 ||   103
         Borgnjor's Vile C |       |       |       |       |    23 |    81 |   137 |   176 |   100 ||   517
         Irradiate         |       |       |       |       |     8 |    29 |    36 |    16 |    26 ||   115
         Haunt             |       |       |       |       |       |       |    25 |   113 |    54 ||   192
         Blink             |       |       |       |       |       |       |     1 |       |     5 ||     6
         Anguish           |       |       |       |       |       |       |       |     9 |     4 ||    13
         Infestation       |       |       |       |       |       |       |       |       |     6 ||     6
         Swiftness         |       |       |       |       |       |       |       |       |     1 ||     1
 Invoke: Curse Item        |       |       |     1 |     5 |     3 |     3 |     1 |     1 |       ||    14
         Shatter the Chain |       |       |       |       |     1 |     2 |       |     2 |       ||     5
Ability: Evoke Blink       |       |       |       |       |       |       |       |     1 |       ||     1
  Evoke: Wand              |       |       |       |       |       |     1 |       |       |       ||     1
    Use: Scroll            |       |     3 |     2 |     2 |     3 |     4 |    17 |     9 |    11 ||    51
         Potion            |       |       |       |     1 |       |    13 |     2 |     4 |    10 ||    30
   Stab: Sleeping          |       |     8 |     1 |     4 |    10 |     3 |     5 |     1 |     3 ||    35
         Distracted        |       |     1 |       |     5 |    19 |    14 |    22 |    21 |     8 ||    90
         Confused          |       |       |       |       |       |       |     2 |       |       ||     2
 Armour: Robe              |    40 |    95 |   158 |       |       |       |       |       |       ||   293
         Acid dragon scale |       |       |    14 |   376 |   785 |   222 |       |       |       ||  1397
         Chain mail        |       |       |       |       |       |   322 |   585 |   936 |   618 ||  2461
  Dodge: Dodged            |    47 |    88 |   129 |   210 |   389 |   217 |   182 |   287 |   224 ||  1773
  Block: Other             |       |    11 |    34 |       |       |       |       |       |       ||    45
         Reflection        |       |     1 |       |     5 |    40 |    81 |    76 |    75 |     4 ||   282
         Kite shield       |       |       |    69 |   627 |  1267 |   839 |   773 |   826 |   565 ||  4966
